[ AOE2 MATCH · #495840249 ]
UnrankedMaya vs Lithuanians
Player's team · WIN
[ REPLAY ANALYSIS · EXTRACTED FROM THE RECORDED GAME ]
Feudal
10:05
Castle
20:16
Imperial
34:15
| APM avg | 36.1 |
| APM peak | 63 |
| eAPM avg | 23.8 |
| Villagers / military | 132 / 256 |
Focus
⚔️ 38.6% · 🌾 61.4%
Eagle Scout ×96 · Skirmisher ×77 · Spearman ×76 · Trebuchet (Packed) ×4 · Monk ×3
Feudal
8:54
Castle
18:53
Imperial
33:30
| APM avg | 49.2 |
| APM peak | 104 |
| eAPM avg | 25.2 |
| Villagers / military | 159 / 108 |
Focus
⚔️ 39.3% · 🌾 60.7%
Hand Cannoneer ×42 · Scout Cavalry ×26 · Skirmisher ×15 · Knight ×13 · Trebuchet (Packed) ×5 · Leitis ×3
Match map
Initial resources + every placement click. Lines = walls · curves = elevation contours. ◆ gold · ⬟ stone · ● berries · ✦ relic · ◌ wall gap
Your base· ✓ Closed at 20:16 · 51t walls · 1 gate(s)
Peacefulfarmer's base· ✓ Closed at 18:53 · 4t walls · 1 gate(s)
Smoothed initial terrain · ◌ = detected wall gap · hover for details
Inputs per minute
— Arlechinno - - Peacefulfarmer
Build order — Arlechinno
First 150 of 547 actions detected
| 0:00 | Research | Loom |
| 0:01 | Build | House |
| 0:02 | Build | House |
| 0:12 | Queue | Villager (Male) |
| 0:12 | Queue | Villager (Male) |
| 0:12 | Queue | Villager (Male) |
| 0:13 | Queue | Villager (Male) |
| 1:28 | Queue | Villager (Male) |
| 1:44 | Queue | Villager (Male) |
| 1:52 | Build | Lumber Camp |
| 2:21 | Queue | Villager (Male) |
| 2:52 | Queue | Villager (Male) |
| 3:10 | Queue | Villager (Male) |
| 3:37 | Queue | Villager (Male) |
| 3:55 | Build | House |
| 4:02 | Queue | Villager (Male) |
| 4:33 | Queue | Villager (Male) |
| 4:42 | Build | Mill |
| 4:44 | Queue | Villager (Male) |
| 5:16 | Queue | Villager (Male) |
| 5:33 | Queue | Villager (Male) |
| 5:44 | Queue | Villager (Male) |
| 6:07 | Build | House |
| 6:17 | Queue | Villager (Male) |
| 6:39 | Queue | Villager (Male) |
| 7:13 | Queue | Villager (Male) |
| 7:36 | Build | Palisade Wall |
| 7:45 | Build | House |
| 7:50 | Research | Feudal Age |
| 8:09 | Build | Lumber Camp |
| 8:20 | Build | Palisade Gate |
| 8:23 | Build | Palisade Wall |
| 8:26 | Build | Palisade Wall |
| 8:31 | Build | House |
| 8:37 | Build | Palisade Wall |
| 8:41 | Build | Palisade Wall |
| 8:52 | Build | House |
| 8:54 | Build | Palisade Wall |
| 9:25 | Build | Palisade Wall |
| 9:26 | Build | Palisade Wall |
| 9:27 | Build | Palisade Wall |
| 9:29 | Build | Palisade Wall |
| 9:47 | Queue | Villager (Male) |
| 10:05 | Age | Feudal Age |
| 10:13 | Research | Double-Bit Axe |
| 10:14 | Research | Horse Collar |
| 10:20 | Queue | Villager (Male) |
| 10:37 | Queue | Villager (Male) |
| 10:56 | Build | Palisade Wall |
| 11:00 | Queue | Villager (Male) |
| 11:03 | Build | Barracks |
| 11:07 | Build | House |
| 11:13 | Queue | Villager (Male) |
| 11:40 | Queue | Spearman |
| 11:54 | Queue | Villager (Male) |
| 12:23 | Queue | Spearman |
| 12:23 | Queue | Villager (Male) |
| 12:32 | Build | Farm |
| 12:33 | Build | Farm |
| 12:44 | Build | Farm |
| 12:44 | Build | Farm |
| 12:44 | Build | Farm |
| 12:44 | Build | Farm |
| 12:44 | Build | Farm |
| 12:45 | Build | Farm |
| 12:48 | Queue | Villager (Male) |
| 12:56 | Queue | Spearman |
| 13:03 | Build | Palisade Wall |
| 13:10 | Queue | Villager (Male) |
| 13:14 | Build | Farm |
| 13:14 | Build | Farm |
| 13:28 | Queue | Villager (Male) |
| 13:31 | Build | Farm |
| 13:32 | Build | Farm |
| 13:35 | Build | Farm |
| 13:52 | Build | Farm |
| 13:56 | Build | Farm |
| 13:59 | Queue | Villager (Male) |
| 14:10 | Queue | Villager (Male) |
| 14:15 | Build | Farm |
| 14:32 | Build | Farm |
| 14:34 | Build | Farm |
| 14:56 | Queue | Villager (Male) |
| 15:08 | Queue | Villager (Male) |
| 15:10 | Build | Farm |
| 15:15 | Build | Mining Camp |
| 15:41 | Queue | Villager (Male) |
| 15:58 | Build | Archery Range |
| 16:04 | Queue | Villager (Male) |
| 16:23 | Build | Blacksmith |
| 16:27 | Queue | Villager (Male) |
| 16:36 | Queue | Villager (Male) |
| 16:39 | Build | House |
| 17:31 | Research | Castle Age |
| 17:31 | Research | Castle Age |
| 17:42 | Build | Barracks |
| 17:49 | Research | Gold Mining |
| 18:01 | Queue | Eagle Scout |
| 18:03 | Research | Scale Mail Armor |
| 18:31 | Build | Barracks |
| 18:51 | Queue | Eagle Scout |
| 18:53 | Queue | Eagle Scout |
| 18:57 | Build | House |
| 18:58 | Build | House |
| 19:08 | Research | Wheelbarrow |
| 19:20 | Build | House |
| 19:22 | Queue | Eagle Scout |
| 19:23 | Queue | Eagle Scout |
| 19:24 | Queue | Eagle Scout |
| 19:59 | Queue | Eagle Scout |
| 20:06 | Build | House |
| 20:07 | Build | House |
| 20:08 | Build | House |
| 20:16 | Age | Castle Age |
| 20:17 | Research | Squires |
| 20:19 | Research | Eagle Warrior (upgrade) |
| 20:21 | Queue | Villager (Male) |
| 20:27 | Build | Monastery |
| 20:39 | Queue | Eagle Scout |
| 20:48 | Research | Chain Mail Armor |
| 21:00 | Queue | Eagle Scout |
| 21:17 | Queue | Eagle Scout |
| 21:26 | Queue | Eagle Scout |
| 21:27 | Queue | Villager (Male) |
| 21:36 | Queue | Villager (Male) |
| 21:40 | Build | Town Center |
| 21:42 | Queue | Villager (Male) |
| 21:51 | Queue | Eagle Scout |
| 22:00 | Build | House |
| 22:01 | Build | House |
| 22:10 | Queue | Villager (Male) |
| 22:20 | Queue | Monk |
| 22:47 | Queue | Eagle Scout |
| 22:47 | Queue | Eagle Scout |
| 22:49 | Queue | Villager (Male) |
| 22:49 | Queue | Villager (Male) |
| 22:50 | Queue | Villager (Male) |
| 22:56 | Build | Town Center |
| 23:09 | Queue | Eagle Scout |
| 23:17 | Research | Pikeman (upgrade) |
| 23:18 | Queue | Spearman |
| 23:18 | Queue | Spearman |
| 23:18 | Queue | Spearman |
| 23:25 | Queue | Eagle Scout |
| 23:25 | Queue | Eagle Scout |
| 23:25 | Queue | Spearman |
| 23:26 | Queue | Spearman |
| 23:27 | Queue | Villager (Male) |
| 23:27 | Queue | Villager (Male) |
| 23:33 | Build | Farm |
Build order — Peacefulfarmer
First 150 of 478 actions detected
| 0:02 | Queue | Villager (Male) |
| 0:02 | Build | House |
| 0:04 | Build | House |
| 0:06 | Queue | Villager (Male) |
| 0:06 | Queue | Villager (Male) |
| 0:15 | Queue | Villager (Male) |
| 0:32 | Queue | Villager (Male) |
| 0:33 | Queue | Villager (Male) |
| 1:25 | Queue | Villager (Male) |
| 1:25 | Queue | Villager (Male) |
| 2:04 | Build | Lumber Camp |
| 2:14 | Queue | Villager (Male) |
| 2:16 | Queue | Villager (Male) |
| 2:52 | Queue | Villager (Male) |
| 2:53 | Queue | Villager (Male) |
| 3:08 | Queue | Villager (Male) |
| 3:08 | Queue | Villager (Male) |
| 3:35 | Build | Palisade Wall |
| 3:36 | Build | Palisade Wall |
| 3:58 | Build | House |
| 4:37 | Queue | Villager (Male) |
| 4:53 | Queue | Villager (Male) |
| 5:01 | Queue | Villager (Male) |
| 5:01 | Queue | Villager (Male) |
| 5:32 | Build | Mill |
| 5:48 | Research | Loom |
| 6:44 | Research | Feudal Age |
| 7:26 | Build | House |
| 7:51 | Build | Barracks |
| 7:57 | Build | Barracks |
| 8:03 | Queue | Villager (Male) |
| 8:54 | Age | Feudal Age |
| 8:56 | Build | Stable |
| 8:58 | Research | Double-Bit Axe |
| 9:11 | Queue | Villager (Male) |
| 9:23 | Queue | Villager (Male) |
| 9:26 | Build | Mill |
| 9:38 | Queue | Scout Cavalry |
| 9:46 | Queue | Villager (Male) |
| 9:46 | Queue | Scout Cavalry |
| 10:06 | Build | House |
| 10:08 | Queue | Scout Cavalry |
| 10:23 | Build | Farm |
| 10:25 | Build | Farm |
| 10:27 | Build | Farm |
| 10:48 | Queue | Villager (Male) |
| 10:50 | Build | Farm |
| 10:55 | Build | House |
| 11:17 | Queue | Villager (Male) |
| 11:19 | Build | Farm |
| 11:43 | Queue | Villager (Male) |
| 11:45 | Build | Farm |
| 11:47 | Build | House |
| 11:47 | Build | House |
| 12:06 | Queue | Villager (Male) |
| 12:19 | Queue | Villager (Male) |
| 12:21 | Build | Farm |
| 12:23 | Build | Farm |
| 12:35 | Queue | Villager (Male) |
| 12:44 | Build | Farm |
| 12:47 | Queue | Villager (Male) |
| 13:00 | Build | Farm |
| 13:28 | Build | Mining Camp |
| 13:41 | Queue | Villager (Male) |
| 14:14 | Queue | Villager (Male) |
| 14:17 | Build | Blacksmith |
| 14:45 | Queue | Villager (Male) |
| 15:11 | Build | Archery Range |
| 15:13 | Queue | Villager (Male) |
| 15:42 | Queue | Villager (Male) |
| 15:46 | Build | House |
| 16:13 | Build | House |
| 16:13 | Research | Castle Age |
| 16:16 | Queue | Skirmisher |
| 16:30 | Build | House |
| 16:31 | Build | Palisade Wall |
| 16:34 | Build | House |
| 16:36 | Build | Palisade Wall |
| 16:40 | Build | Palisade Gate |
| 16:47 | Build | House |
| 16:49 | Build | House |
| 16:50 | Build | House |
| 17:02 | Research | Horse Collar |
| 17:08 | Queue | Skirmisher |
| 17:31 | Build | Lumber Camp |
| 17:49 | Queue | Skirmisher |
| 17:57 | Queue | Skirmisher |
| 18:23 | Research | Fletching |
| 18:23 | Research | Fletching |
| 18:51 | Queue | Skirmisher |
| 18:53 | Age | Castle Age |
| 18:56 | Queue | Villager (Male) |
| 18:58 | Build | Monastery |
| 19:05 | Research | Bow Saw |
| 19:09 | Queue | Villager (Male) |
| 19:33 | Queue | Villager (Male) |
| 19:45 | Queue | Monk |
| 19:51 | Build | Town Center |
| 19:57 | Build | Farm |
| 20:02 | Build | Farm |
| 20:03 | Queue | Monk |
| 20:23 | Queue | Villager (Male) |
| 20:30 | Queue | Villager (Male) |
| 20:45 | Build | Farm |
| 20:46 | Build | Farm |
| 20:48 | Queue | Villager (Male) |
| 20:50 | Build | Farm |
| 20:52 | Build | Farm |
| 20:54 | Build | Farm |
| 21:09 | Queue | Villager (Male) |
| 21:11 | Queue | Villager (Male) |
| 21:22 | Research | Bloodlines |
| 21:24 | Queue | Villager (Male) |
| 21:25 | Build | Farm |
| 21:27 | Build | Farm |
| 21:29 | Build | Farm |
| 21:30 | Queue | Villager (Male) |
| 21:46 | Queue | Villager (Male) |
| 21:49 | Build | Stable |
| 21:54 | Research | Forging |
| 21:55 | Queue | Villager (Male) |
| 21:58 | Build | Farm |
| 22:00 | Build | Farm |
| 22:01 | Build | Farm |
| 22:04 | Queue | Villager (Male) |
| 22:07 | Build | House |
| 22:22 | Queue | Villager (Male) |
| 22:24 | Build | Town Center |
| 22:31 | Queue | Knight |
| 22:36 | Queue | Villager (Male) |
| 22:42 | Build | Farm |
| 22:51 | Queue | Villager (Male) |
| 22:56 | Queue | Knight |
| 22:56 | Queue | Knight |
| 23:10 | Queue | Knight |
| 23:25 | Queue | Villager (Male) |
| 23:25 | Queue | Villager (Male) |
| 23:30 | Build | Farm |
| 23:32 | Build | Farm |
| 23:39 | Queue | Villager (Male) |
| 23:44 | Build | Farm |
| 23:46 | Build | Farm |
| 23:48 | Build | Farm |
| 23:49 | Build | Farm |
| 23:51 | Build | Farm |
| 23:52 | Queue | Villager (Male) |
| 23:52 | Queue | Villager (Male) |
| 23:56 | Queue | Villager (Male) |
| 24:00 | Build | Farm |
| 24:01 | Build | Farm |
Match timeline
| 3:35 | Peacefulfarmer · wall_segment Palisade Wall x1 |
| 3:36 | Peacefulfarmer · wall_segment Palisade Wall x1 |
| 7:36 | Arlechinno · wall_segment Palisade Wall x7 |
| 7:51 | Peacefulfarmer · first_building Barracks |
| 8:23 | Arlechinno · wall_segment Palisade Wall x2 |
| 8:26 | Arlechinno · wall_segment Palisade Wall x5 |
| 8:37 | Arlechinno · wall_segment Palisade Wall x6 |
| 8:41 | Arlechinno · wall_segment Palisade Wall x14 |
| 8:54 | Peacefulfarmer · age_up feudal |
| 8:54 | Arlechinno · wall_segment Palisade Wall x6 |
| 8:56 | Peacefulfarmer · first_building Stable |
| 9:25 | Arlechinno · wall_segment Palisade Wall x1 |
| 9:26 | Arlechinno · wall_segment Palisade Wall x1 |
| 9:27 | Arlechinno · wall_segment Palisade Wall x1 |
| 9:29 | Arlechinno · wall_segment Palisade Wall x1 |
| 10:05 | Arlechinno · age_up feudal |
| 10:56 | Arlechinno · wall_segment Palisade Wall x7 |
| 11:03 | Arlechinno · first_building Barracks |
| 13:03 | Arlechinno · wall_segment Palisade Wall x1 |
| 15:11 | Peacefulfarmer · first_building Archery Range |
| 15:58 | Arlechinno · first_building Archery Range |
| 16:31 | Peacefulfarmer · wall_segment Palisade Wall x1 |
| 16:36 | Peacefulfarmer · wall_segment Palisade Wall x1 |
| 18:53 | Peacefulfarmer · age_up castle |
| 18:58 | Peacefulfarmer · first_building Monastery |
| 20:16 | Arlechinno · age_up castle |
| 20:27 | Arlechinno · first_building Monastery |
| 28:53 | Peacefulfarmer · first_market_buy 100 stone |
| 28:59 | Peacefulfarmer · first_building Castle |
| 29:27 | Peacefulfarmer · wall_segment Stone Wall x5 |
| 29:28 | Peacefulfarmer · wall_segment Stone Wall x1 |
| 29:56 | Peacefulfarmer · wall_segment Stone Wall x1 |
| 30:05 | Peacefulfarmer · wall_segment Stone Wall x3 |
| 32:22 | Arlechinno · first_building Castle |
| 33:07 | Arlechinno · wall_segment Stone Wall x18 |
| 33:30 | Peacefulfarmer · age_up imperial |
| 34:15 | Arlechinno · age_up imperial |
| 35:04 | Arlechinno · first_market_buy 100 wood |
| 35:11 | Peacefulfarmer · wall_segment Stone Wall x1 |
| 37:11 | Peacefulfarmer · wall_segment Palisade Wall x1 |
| 37:30 | Peacefulfarmer · first_building Siege Workshop |
| 38:37 | Peacefulfarmer · wall_segment Stone Wall x1 |
| 42:10 | Peacefulfarmer · wall_segment Stone Wall x10 |
| 45:08 | Peacefulfarmer · resign |
[ AI ANALYSIS · 1 CREDIT ]
What really happened in this match?
Wolo.gg analyzes every decision: build order, eco, micro, common mistakes by bracket. Personalized analysis on WhatsApp or Discord in 30 seconds.
Civ guide
Maya
Perfil
Jugador #2878663